BlueJackets vs Hurricanes

Created - Monday, April 04, 2016 at 02:38

Goals
1 2 3 T
BlueJackets 0 1 1 2
Hurricanes 3 5 0 8
Shots
1 2 3 T
BlueJackets 7 15 6 28
Hurricanes 12 15 8 35

1st period

1. Hurricanes , Brian Flynn 8 (Stephane Robidas) at 8:44
2. Hurricanes , Jared Spurgeon 3 (Eric Staal, Jiri Hudler) at 13:00
3. Hurricanes , Mike Fisher 30 (Jared Spurgeon, Josh Bailey) at 16:49

Penalties :
Magnus Paajarvi (Clb) for Cross-checking (Minor) at 11:00, Ryane Clowe (Clb) for Holding (Minor) at 16:52, Brian Flynn (Car) for Interference (Minor) at 19:18

2nd period

4. Hurricanes , Matt Read 15 (Martin Hanzal, Mike Weaver) at 9:39 (SH)
5. Hurricanes , Martin Hanzal 19 (Matt Read, Marian Gaborik) at 10:12
6. BlueJackets , Ryan Garbutt 18 (Ryane Clowe, Sam Gagner) at 11:28 (PP)
7. Hurricanes , Marian Gaborik 58 (Mike Fisher) at 11:44
8. Hurricanes , Mike Fisher 31 (Marian Gaborik, Josh Bailey) at 18:51 (PP)
9. Hurricanes , Marian Gaborik 59 (Mike Fisher) at 19:11

Penalties :
Marian Gaborik (Car) for Tripping (Minor) at 7:41, Stephane Robidas (Car) for Tripping (Minor) at 11:21, Sam Gagner (Clb) for Cross-checking (Minor) at 18:33

3rd period

10. BlueJackets , Matt Nieto 27 (Patrick Wiercioch, Andrej Meszaros) at 4:32 (PP)

Penalties :
Fedor Tyutin (Car) for Diving (Minor) at 3:52, Fedor Tyutin (Car) for Attempt to injure (Major / Game Misconduct) at 11:14

Goalie Stats

Joni Ortio (Clb), 21 saves from 25 shots - (0.840), L, 5-32-0, 50:28 minutes
Matt Climie (Clb), 6 saves from 10 shots - (0.600), 9:32 minutes
Jonas Hiller (Car), 26 saves from 28 shots - (0.929), W, 30-32-5, 60:00 minutes

Players Stats for BlueJackets

Player Name              G  A  P  +/- PIM S  H  SB GA TA FO     MP     PP MP  PK MP  
------------------------------------------------------------------------------------
Andrej Meszaros          0  1  1  -5  0   3  2  2  0  1  0/0    26:59   7:02   3:08 
Austin Watson            0  0  0   0  0   0  1  1  0  0  1/3     9:57   0:00   1:09 
Brian Dumoulin           0  0  0  -1  0   0  1  1  0  1  0/0    19:13   2:42   1:08 
Cal O'Reilly             0  0  0  -1  0   0  1  1  1  0  6/7    14:48   0:00   1:56 
Carl Klingberg           0  0  0  -1  0   1  1  0  0  0  0/0    12:57   0:00   0:00 
Chad Ruhwedel            0  0  0  -1  0   1  3  1  0  1  0/0    13:48   0:00   0:00 
Chris Thorburn           0  0  0  -2  0   2  4  1  0  1  0/0    18:49   4:16   0:00 
Chris Wagner             0  0  0  -1  0   0  1  1  0  0  0/1    12:43   0:00   0:00 
Kevin Connauton          0  0  0  -1  0   1  0  2  2  2  0/0    19:13   2:42   1:08 
Magnus Paajarvi          0  0  0  -1  2   0  0  0  1  0  0/0    10:46   1:02   0:00 
Matt Nieto               1  0  1  -3  0   2  2  2  5  0  0/2    19:32   4:27   1:11 
Nick Shore               0  0  0  -2  0   1  1  2  0  0  7/11   18:20   4:27   0:00 
Patrick Wiercioch        0  1  1  -5  0   5  1  2  1  1  0/0    26:59   7:02   3:08 
Raphael Diaz             0  0  0   0  0   0  0  0  0  0  0/0     0:00   0:00   0:00 
Ryan Garbutt             1  0  1  -4  0   3  0  2  1  0  0/0    17:18   5:17   1:11 
Ryane Clowe              0  1  1  -3  2   3  1  0  0  0  1/4    21:55   4:28   0:18 
Sam Gagner               0  1  1  -3  2   4  0  0  1  0  10/23  18:36   5:15   2:47 
Trevor van Riemsdyk      0  0  0  -1  0   2  0  0  1  0  0/0    13:48   0:00   0:00 

Players Stats for Hurricanes

Player Name              G  A  P  +/- PIM S  H  SB GA TA FO     MP     PP MP  PK MP  
------------------------------------------------------------------------------------
Andrew Ebbett            0  0  0   1  0   1  0  0  0  0  0/0    13:55   0:00   5:07 
Brian Flynn              1  0  1   1  2   2  1  0  1  0  6/8    13:11   0:00   3:49 
Eric Staal               0  1  1   1  0   1  1  0  4  0  5/10   15:15   1:54   1:18 
Fedor Tyutin             0  0  0   2  17  2  2  1  0  2  0/0    14:58   0:00   1:59 
Jared Spurgeon           1  1  2   5  0   5  0  1  0  0  0/0    23:17   2:16   5:00 
Jiri Hudler              0  1  1   1  0   3  1  0  7  1  0/0    13:57   1:54   0:00 
Josh Bailey              0  2  2   3  0   3  1  0  1  1  1/2    15:28   2:22   0:00 
Kris Versteeg            0  0  0   1  0   0  0  0  0  0  0/0    13:57   1:54   0:00 
Marco Scandella          0  0  0   0  0   0  1  1  0  1  0/0    18:50   2:00   0:00 
Marian Gaborik           2  2  4   4  2   6  1  0  2  1  1/3    15:51   2:22   0:00 
Martin Hanzal            1  1  2   2  0   3  3  0  1  0  9/16   16:48   0:00   4:37 
Matt Read                1  1  2   2  0   2  1  1  2  0  0/0    16:48   0:00   4:37 
Mike Fisher              2  2  4   3  0   3  1  0  2  0  4/11   15:20   2:22   0:00 
Mike Weaver              0  1  1   2  0   2  2  1  0  2  0/0    19:48   0:00   5:32 
Mikhail Grabovski        0  0  0   0  0   0  1  0  0  0  0/0    11:04   0:00   0:00 
Stephane Robidas         0  1  1   5  2   1  3  1  0  2  0/0    23:18   2:16   6:01 
Thomas Hickey            0  0  0   0  0   1  1  5  0  0  0/0    19:46   2:00   0:56 
Viktor Stalberg          0  0  0   1  0   0  2  0  1  0  0/1     8:40   0:00   0:00 

3 Stars

1 - Mike Fisher (Car)
2 - Marian Gaborik (Car)
3 - Jared Spurgeon (Car)

Power Play

BlueJackets - 2 on 5 Attempt(s) - 40.00%
Hurricanes - 1 on 3 Attempt(s) - 33.33%

Penalty Kill

BlueJackets - 2 on 3 Attempt(s) - 66.67% - Score 0 goal in Penalty Kill
Hurricanes - 3 on 5 Attempt(s) - 60.00% - Score 1 goal in Penalty Kill

Team Stat

BlueJackets - Hits : 19 - Faceoff Wins : 25 - Blocked Shots : 18 - Penalty Minutes : 6
Hurricanes - Hits : 22 - Faceoff Wins : 26 - Blocked Shots : 11 - Penalty Minutes : 23

Official

Referees : Unknown
Linesman : Unknown

Game Notes

Matt Climie enters game at 9:39 of 2nd period
Joni Ortio enters game at 19:11 of 2nd period
Fedor Tyutin ejected from game at 11:14 of 3rd period

Finance

Level 1 -- Attendance: 5431 (90.52%) -- Ticket Income $450,773
Level 2 -- Attendance: 4938 (98.76%) -- Ticket Income $246,900
Level 3 -- Attendance: 2000 (100.00%) -- Ticket Income $60,000
Level 4 -- Attendance: 4000 (100.00%) -- Ticket Income $52,000
Luxury Box -- Attendance: 975 (97.50%) -- Ticket Income $175,500
Game was played at the RBC Arena.
Total Attendance: 17344 (96.36%)
Total Ticket Income: $985,173
Other Income: $482,735
Total Income: $1,467,908

BlueJackets

5 vs 5 Forward 
   Center                   Left Wing                Right Wing               Time % Phy DF OF 
 1 Sam Gagner               Ryane Clowe              Ryan Garbutt             35     1   2  2  
 2 Nick Shore               Matt Nieto               Chris Thorburn           30     1   2  2  
 3 Austin Watson            Ryane Clowe              Magnus Paajarvi          22     1   2  2  
 4 Cal O'Reilly             Carl Klingberg           Chris Wagner             13     1   2  2  

5 vs 5 Defense 
   Defense                  Defense                                           Time % Phy DF OF 
 1 Andrej Meszaros          Patrick Wiercioch                                 35     1   2  2  
 2 Kevin Connauton          Brian Dumoulin                                    30     1   2  2  
 3 Chad Ruhwedel            Trevor van Riemsdyk                               22     1   2  2  
 4 Andrej Meszaros          Patrick Wiercioch                                 13     1   2  2  

PowerPlay Forward 
   Center                   Left Wing                Right Wing               Time % Phy DF OF 
 1 Sam Gagner               Ryane Clowe              Ryan Garbutt             60     1   2  2  
 2 Nick Shore               Matt Nieto               Chris Thorburn           40     1   2  2  

PowerPlay Defense
   Defense                  Defense                                           Time % Phy DF OF 
 1 Andrej Meszaros          Patrick Wiercioch                                 60     1   2  2  
 2 Kevin Connauton          Brian Dumoulin                                    40     1   2  2  

Penalty Kill 4 Players Forward 
   Center                   Wing                     Time % Phy DF OF 
 1 Ryane Clowe              Sam Gagner               60     1   2  2  
 2 Ryan Garbutt             Matt Nieto               40     1   2  2  

Penalty Kill 4 Players Defense
   Defense                  Defense                  Time % Phy DF OF 
 1 Andrej Meszaros          Patrick Wiercioch        60     1   2  2  
 2 Kevin Connauton          Brian Dumoulin           40     1   2  2  

Penalty Kill - 3 Players Forward 
   Forward                                           Time % Phy DF OF 
 1 Ryan Garbutt                                      60     1   2  2  
 2 Sam Gagner                                        40     1   2  2  

Penalty Kill - 3 Players Defense
   Defense                  Defense                  Time % Phy DF OF 
 1 Andrej Meszaros          Patrick Wiercioch        60     1   2  2  
 2 Kevin Connauton          Brian Dumoulin           40     1   2  2  

4 vs 4 Forward 
   Center                   Wing                     Time % Phy DF OF 
 1 Ryane Clowe              Sam Gagner               60     1   2  2  
 2 Ryan Garbutt             Matt Nieto               40     1   2  2  

4 vs 4 Defense
   Defense                  Defense                  Time % Phy DF OF 
 1 Andrej Meszaros          Patrick Wiercioch        60     1   2  2  
 2 Kevin Connauton          Brian Dumoulin           40     1   2  2  

Last Minutes Offensive
   Center                   Left Wing                Right Wing               Defense                  Defense                  
   Sam Gagner               Ryane Clowe              Ryan Garbutt             Andrej Meszaros          Patrick Wiercioch        

Last Minutes Defensive
   Center                   Left Wing                Right Wing               Defense                  Defense                  
   Sam Gagner               Ryane Clowe              Ryan Garbutt             Andrej Meszaros          Patrick Wiercioch        

Goaltenders
Starting : Joni Ortio               
Backup : Matt Climie              

Extra Forwards
Normal : Ryane Clowe, Magnus Paajarvi, Austin Watson - PP : Ryane Clowe, Magnus Paajarvi - PK : Austin Watson
Extra Defensemen
Normal : Chad Ruhwedel, Trevor van Riemsdyk, Kevin Connauton - PP : Chad Ruhwedel - PK : Trevor van Riemsdyk, Kevin Connauton
Penalty Shots
Magnus Paajarvi, Sam Gagner, Ryan Garbutt, Matt Nieto, Ryane Clowe

Hurricanes

5 vs 5 Forward 
   Center                   Left Wing                Right Wing               Time % Phy DF OF 
 1 Mike Fisher              Josh Bailey              Marian Gaborik           28     0   3  2  
 2 Eric Staal               Kris Versteeg            Jiri Hudler              27     0   3  2  
 3 Martin Hanzal            Mikhail Grabovski        Matt Read                25     0   2  3  
 4 Brian Flynn              Andrew Ebbett            Viktor Stalberg          20     0   2  3  

5 vs 5 Defense 
   Defense                  Defense                                           Time % Phy DF OF 
 1 Jared Spurgeon           Stephane Robidas                                  35     0   3  2  
 2 Thomas Hickey            Marco Scandella                                   35     0   3  2  
 3 Fedor Tyutin             Mike Weaver                                       30     1   2  2  
 4 Jared Spurgeon           Stephane Robidas                                  0      0   3  2  

PowerPlay Forward 
   Center                   Left Wing                Right Wing               Time % Phy DF OF 
 1 Mike Fisher              Josh Bailey              Marian Gaborik           50     0   1  4  
 2 Eric Staal               Kris Versteeg            Jiri Hudler              50     0   1  4  

PowerPlay Defense
   Defense                  Defense                                           Time % Phy DF OF 
 1 Jared Spurgeon           Stephane Robidas                                  50     0   1  4  
 2 Thomas Hickey            Marco Scandella                                   50     0   1  4  

Penalty Kill 4 Players Forward 
   Center                   Wing                     Time % Phy DF OF 
 1 Brian Flynn              Andrew Ebbett            50     0   4  1  
 2 Martin Hanzal            Matt Read                50     0   4  1  

Penalty Kill 4 Players Defense
   Defense                  Defense                  Time % Phy DF OF 
 1 Fedor Tyutin             Mike Weaver              50     1   4  0  
 2 Jared Spurgeon           Stephane Robidas         50     1   4  0  

Penalty Kill - 3 Players Forward 
   Forward                                           Time % Phy DF OF 
 1 Brian Flynn                                       50     0   5  0  
 2 Martin Hanzal                                     50     0   5  0  

Penalty Kill - 3 Players Defense
   Defense                  Defense                  Time % Phy DF OF 
 1 Fedor Tyutin             Mike Weaver              50     1   4  0  
 2 Jared Spurgeon           Stephane Robidas         50     1   4  0  

4 vs 4 Forward 
   Center                   Wing                     Time % Phy DF OF 
 1 Mike Fisher              Marian Gaborik           50     0   3  2  
 2 Eric Staal               Jiri Hudler              50     0   3  2  

4 vs 4 Defense
   Defense                  Defense                  Time % Phy DF OF 
 1 Jared Spurgeon           Stephane Robidas         50     0   2  3  
 2 Thomas Hickey            Marco Scandella          50     0   2  3  

Last Minutes Offensive
   Center                   Left Wing                Right Wing               Defense                  Defense                  
   Mike Fisher              Jiri Hudler              Marian Gaborik           Jared Spurgeon           Marco Scandella          

Last Minutes Defensive
   Center                   Left Wing                Right Wing               Defense                  Defense                  
   Mike Fisher              Brian Flynn              Matt Read                Fedor Tyutin             Mike Weaver              

Goaltenders
Starting : Jonas Hiller             
Backup : Brian Elliott            

Extra Forwards
Normal : Mike Fisher, Jiri Hudler, Marian Gaborik - PP : Marian Gaborik, Jiri Hudler - PK : Brian Flynn
Extra Defensemen
Normal : Jared Spurgeon, Fedor Tyutin, Stephane Robidas - PP : Fedor Tyutin - PK : Stephane Robidas, Fedor Tyutin
Penalty Shots
Fedor Tyutin, Brian Flynn, Marian Gaborik, Josh Bailey, Jiri Hudler

% Time on Ice - BlueJackets

Lines # - Real PCT - Wanted PCT - Time Play
Normal Forward
1 - 23% - 35% - 10:35
2 - 30% - 30% - 13:54
3 - 19% - 22% - 8:48
4 - 28% - 13% - 12:43
Normal Defense
1 - 31% - 35% - 14:09
2 - 33% - 30% - 15:23
3 - 30% - 22% - 13:48
4 - 6% - 13% - 2:40
PP Forward
1 - 54% - 60% - 5:17
2 - 46% - 40% - 4:27
PP Defense
1 - 72% - 60% - 7:02
2 - 28% - 40% - 2:42
PK Forward
1 - 72% - 60% - 3:05
2 - 28% - 40% - 1:11
PK Defense
1 - 73% - 60% - 3:08
2 - 27% - 40% - 1:08
PK3 Forward
1 - 0% - 60%
2 - 0% - 40%
PK3 Defense
1 - 0% - 60%
2 - 0% - 40%
44 Forward
1 - 0% - 60%
2 - 0% - 40%
44 Defense
1 - 0% - 60%
2 - 0% - 40%
Last Minute Offensive  - 0:00
Last Minute Defensive  - 0:00
Total
Forward - 60:00
Defense - 60:00

% Time on Ice - Hurricanes

Lines # - Real PCT - Wanted PCT - Time Play
Normal Forward
1 - 28% - 28% - 13:06
2 - 29% - 27% - 13:10
3 - 24% - 25% - 11:04
4 - 19% - 20% - 8:40
Normal Defense
1 - 34% - 35% - 15:36
2 - 37% - 35% - 16:50
3 - 28% - 30% - 12:57
4 - 1% - 0% - 0:37
PP Forward
1 - 55% - 50% - 2:22
2 - 45% - 50% - 1:54
PP Defense
1 - 53% - 50% - 2:16
2 - 47% - 50% - 2:00
PK Forward
1 - 53% - 50% - 5:07
2 - 47% - 50% - 4:37
PK Defense
1 - 72% - 50% - 6:58
2 - 28% - 50% - 2:46
PK3 Forward
1 - 0% - 50%
2 - 0% - 50%
PK3 Defense
1 - 0% - 50%
2 - 0% - 50%
44 Forward
1 - 0% - 50%
2 - 0% - 50%
44 Defense
1 - 0% - 50%
2 - 0% - 50%
Last Minute Offensive  - 0:00
Last Minute Defensive  - 0:00
Total
Forward - 60:00
Defense - 60:00

Play by Play

1st period


0:01 of 1st period - Sam Gagner wins face-off versus Mike Fisher in neutral zone.
0:16 of 1st period - Wrist shot by Mike Fisher.
0:16 of 1st period - Stopped by Joni Ortio with a rebound.
0:58 of 1st period - Snap shot by Eric Staal.
0:58 of 1st period - Shot Blocked by Patrick Wiercioch.
1:46 of 1st period - Snap shot by Matt Read.
1:46 of 1st period - Shot Blocked by Patrick Wiercioch.
2:14 of 1st period - Wrist shot by Andrew Ebbett.
2:14 of 1st period - Shot Misses the Net.
2:16 of 1st period - Slapshot by Fedor Tyutin.
2:16 of 1st period - Shot Misses the Net.
2:18 of 1st period - Slapshot by Mike Weaver.
2:18 of 1st period - Deflect By Ryane Clowe.
2:18 of 1st period - Stopped by Joni Ortio with a rebound.
2:34 of 1st period - Wrist shot by Andrew Ebbett.
2:34 of 1st period - Stopped by Joni Ortio with a rebound.
2:36 of 1st period - Slapshot by Jared Spurgeon.
2:36 of 1st period - Stopped by Joni Ortio without a rebound.
2:37 of 1st period - Nick Shore wins face-off versus Mike Fisher in BlueJackets zone.
3:04 of 1st period - Slapshot by Kevin Connauton.
3:04 of 1st period - Stopped by Jonas Hiller with a rebound.
3:10 of 1st period - Stephane Robidas is hit by Matt Nieto and loses puck.
3:27 of 1st period - Kevin Connauton is hit by Jiri Hudler and loses puck.
3:40 of 1st period - Wrist shot by Eric Staal.
3:40 of 1st period - Stopped by Joni Ortio with a rebound.
4:02 of 1st period - Chad Ruhwedel is hit by Marco Scandella and loses puck.
5:10 of 1st period - Austin Watson is hit by Fedor Tyutin.
5:44 of 1st period - Snap shot by Marian Gaborik.
5:44 of 1st period - Shot Hit the Post.
5:46 of 1st period - Slapshot by Stephane Robidas.
5:46 of 1st period - Stopped by Joni Ortio with a rebound.
5:50 of 1st period - Wrist shot by Mike Fisher.
5:50 of 1st period - Shot Misses the Net.
5:52 of 1st period - Wrist shot by Josh Bailey.
5:52 of 1st period - Shot Misses the Net.
5:54 of 1st period - Slapshot by Josh Bailey.
5:54 of 1st period - Stopped by Joni Ortio without a rebound.
5:55 of 1st period - Nick Shore wins face-off versus Eric Staal in BlueJackets zone.
6:22 of 1st period - Jiri Hudler is hit by Matt Nieto and loses puck.
6:58 of 1st period - Slapshot by Ryane Clowe.
6:58 of 1st period - Shot Misses the Net.
8:09 of 1st period - Wrist shot by Magnus Paajarvi.
8:09 of 1st period - Shot Misses the Net.
8:11 of 1st period - Slapshot by Brian Dumoulin.
8:11 of 1st period - Shot Blocked by Mike Weaver.
8:25 of 1st period - Mike Weaver is hit by Chad Ruhwedel and loses puck.
8:30 of 1st period - Slapshot by Trevor van Riemsdyk.
8:30 of 1st period - Stopped by Jonas Hiller with a rebound.
8:36 of 1st period - Slapshot by Patrick Wiercioch.
8:36 of 1st period - Stopped by Jonas Hiller without a rebound.
8:37 of 1st period - Cal O'Reilly wins face-off versus Brian Flynn in Hurricanes zone.
8:44 of 1st period - Wrist shot by Brian Flynn.
8:44 of 1st period - Goal by Brian Flynn - BlueJackets : 0 - Hurricanes : 1.
8:45 of 1st period - Sam Gagner wins face-off versus Viktor Stalberg in neutral zone.
8:58 of 1st period - Wrist shot by Ryane Clowe.
8:58 of 1st period - Shot Blocked by Stephane Robidas.
9:00 of 1st period - Slapshot by Ryane Clowe.
9:00 of 1st period - Stopped by Jonas Hiller with a rebound.
10:05 of 1st period - Wrist shot by Jiri Hudler.
10:05 of 1st period - Shot Blocked by Kevin Connauton.
10:07 of 1st period - Backhand shot by Mike Weaver.
10:07 of 1st period - Deflect By Kevin Connauton.
10:07 of 1st period - Stopped by Joni Ortio with a rebound.
10:09 of 1st period - Snap shot by Fedor Tyutin.
10:09 of 1st period - Shot Hit the Post.
10:37 of 1st period - Austin Watson is hit by Fedor Tyutin and loses puck.
11:00 of 1st period - Minor Penalty to Magnus Paajarvi for Cross-checking.
11:01 of 1st period - Cal O'Reilly wins face-off versus Mike Fisher in BlueJackets zone.
11:55 of 1st period - Patrick Wiercioch is hit by Stephane Robidas and loses puck.
12:58 of 1st period - Wrist shot by Eric Staal.
12:58 of 1st period - Shot Misses the Net.
13:00 of 1st period - Penalty to Magnus Paajarvi is over, Magnus Paajarvi is back on ice.
13:00 of 1st period - Slapshot by Jared Spurgeon.
13:00 of 1st period - Goal by Jared Spurgeon - BlueJackets : 0 - Hurricanes : 2.
13:01 of 1st period - Martin Hanzal wins face-off versus Chris Wagner in neutral zone.
13:46 of 1st period - Trevor van Riemsdyk is hit by Viktor Stalberg and loses puck.
13:53 of 1st period - Brian Flynn is hit by Chris Thorburn.
14:05 of 1st period - Matt Nieto is hit by Viktor Stalberg.
14:17 of 1st period - Austin Watson is hit by Brian Flynn and loses puck.
15:36 of 1st period - Wrist shot by Eric Staal.
15:36 of 1st period - Deflect By Jiri Hudler.
15:36 of 1st period - Shot Misses the Net.
15:36 of 1st period - Puck is out of play.
15:37 of 1st period - Nick Shore wins face-off versus Martin Hanzal in BlueJackets zone.
15:51 of 1st period - Wrist shot by Chris Thorburn.
15:51 of 1st period - Stopped by Jonas Hiller without a rebound.
15:52 of 1st period - Nick Shore wins face-off versus Martin Hanzal in Hurricanes zone.
15:57 of 1st period - Snap shot by Matt Nieto.
15:57 of 1st period - Shot Misses the Net.
15:59 of 1st period - Wrist shot by Chris Thorburn.
15:59 of 1st period - Shot Blocked by Thomas Hickey.
16:45 of 1st period - Snap shot by Josh Bailey.
16:45 of 1st period - Shot Misses the Net.
16:47 of 1st period - Snap shot by Jared Spurgeon.
16:47 of 1st period - Deflect By Ryan Garbutt.
16:47 of 1st period - Stopped by Joni Ortio with a rebound.
16:49 of 1st period - Wrist shot by Mike Fisher.
16:49 of 1st period - Goal by Mike Fisher - BlueJackets : 0 - Hurricanes : 3.
16:50 of 1st period - Sam Gagner wins face-off versus Eric Staal in neutral zone.
16:52 of 1st period - Minor Penalty to Ryane Clowe for Holding.
16:53 of 1st period - Eric Staal wins face-off versus Austin Watson in BlueJackets zone.
17:18 of 1st period - Slapshot by Eric Staal.
17:18 of 1st period - Shot Misses the Net.
18:52 of 1st period - Penalty to Ryane Clowe is over, Ryane Clowe is back on ice.
19:18 of 1st period - Minor Penalty to Brian Flynn for Interference.
19:19 of 1st period - Martin Hanzal wins face-off versus Nick Shore in Hurricanes zone.
19:19 of 1st period - Martin Hanzal is hit by Andrej Meszaros.
19:52 of 1st period - Wrist shot by Matt Nieto.
19:52 of 1st period - Stopped by Jonas Hiller with a rebound.
19:54 of 1st period - Slapshot by Patrick Wiercioch.
19:54 of 1st period - Stopped by Jonas Hiller with a rebound.
Goals for this period are 0 for BlueJackets vs 3 for Hurricanes.
Shots for this period are 7 for BlueJackets vs 12 for Hurricanes.

2nd period


0:01 of 2nd period - Eric Staal wins face-off versus Sam Gagner in neutral zone.
0:04 of 2nd period - Slapshot by Jared Spurgeon.
0:04 of 2nd period - Stopped by Joni Ortio with a rebound.
0:32 of 2nd period - Slapshot by Patrick Wiercioch.
0:32 of 2nd period - Stopped by Jonas Hiller with a rebound.
1:07 of 2nd period - Off-side.
1:08 of 2nd period - Martin Hanzal wins face-off versus Sam Gagner in neutral zone.
1:15 of 2nd period - Slapshot by Matt Read.
1:15 of 2nd period - Shot Misses the Net.
1:18 of 2nd period - Penalty to Brian Flynn is over, Brian Flynn is back on ice.
2:32 of 2nd period - Slapshot by Trevor van Riemsdyk.
2:32 of 2nd period - Shot Blocked by Thomas Hickey.
2:44 of 2nd period - Thomas Hickey is hit by Chad Ruhwedel and loses puck.
2:56 of 2nd period - Nick Shore is hit by Eric Staal and loses puck.
3:31 of 2nd period - Wrist shot by Magnus Paajarvi.
3:31 of 2nd period - Deflect By Ryane Clowe.
3:31 of 2nd period - Stopped by Jonas Hiller without a rebound.
3:32 of 2nd period - Brian Flynn wins face-off versus Austin Watson in Hurricanes zone.
3:41 of 2nd period - Trevor van Riemsdyk is hit by Mike Weaver and loses puck.
3:48 of 2nd period - Fedor Tyutin is hit by Chad Ruhwedel and loses puck.
4:21 of 2nd period - Slapshot by Patrick Wiercioch.
4:21 of 2nd period - Shot Blocked by Fedor Tyutin.
4:27 of 2nd period - Ryan Garbutt is hit by Matt Read and loses puck.
5:14 of 2nd period - Slapshot by Marian Gaborik.
5:14 of 2nd period - Stopped by Joni Ortio with a rebound.
5:22 of 2nd period - Marian Gaborik is hit by Cal O'Reilly.
5:26 of 2nd period - Carl Klingberg is hit by Mike Fisher and loses puck.
6:11 of 2nd period - Thomas Hickey is hit by Chris Thorburn and loses puck.
6:30 of 2nd period - Fedor Tyutin is hit by Brian Dumoulin and loses puck.
6:37 of 2nd period - Snap shot by Austin Watson.
6:37 of 2nd period - Shot Misses the Net.
7:06 of 2nd period - Brian Dumoulin is hit by Mikhail Grabovski and loses puck.
7:17 of 2nd period - Wrist shot by Martin Hanzal.
7:17 of 2nd period - Shot Blocked by Cal O'Reilly.
7:19 of 2nd period - Snap shot by Martin Hanzal.
7:19 of 2nd period - Stopped by Joni Ortio with a rebound.
7:41 of 2nd period - Minor Penalty to Marian Gaborik for Tripping.
7:42 of 2nd period - Martin Hanzal wins face-off versus Sam Gagner in Hurricanes zone.
7:47 of 2nd period - Martin Hanzal is hit by Andrej Meszaros.
7:55 of 2nd period - Wrist shot by Sam Gagner.
7:55 of 2nd period - Shot Misses the Net.
7:57 of 2nd period - Wrist shot by Ryan Garbutt.
7:57 of 2nd period - Stopped by Jonas Hiller without a rebound.
7:58 of 2nd period - Martin Hanzal wins face-off versus Sam Gagner in Hurricanes zone.
8:08 of 2nd period - Icing by Sam Gagner.
8:09 of 2nd period - Brian Flynn wins face-off versus Sam Gagner in BlueJackets zone.
8:42 of 2nd period - Jared Spurgeon is hit by Nick Shore and loses puck.
9:17 of 2nd period - Snap shot by Sam Gagner.
9:17 of 2nd period - Deflect By Ryane Clowe.
9:17 of 2nd period - Shot Misses the Net.
9:17 of 2nd period - Puck is out of play.
9:18 of 2nd period - Martin Hanzal wins face-off versus Ryane Clowe in Hurricanes zone.
9:31 of 2nd period - Wrist shot by Matt Read.
9:31 of 2nd period - Shot Misses the Net.
9:37 of 2nd period - Snap shot by Matt Read.
9:37 of 2nd period - Shot Blocked by Ryan Garbutt.
9:39 of 2nd period - Snap shot by Matt Read.
9:39 of 2nd period - Goal by Matt Read - BlueJackets : 0 - Hurricanes : 4.
9:39 of 2nd period - Matt Climie enters game.
9:40 of 2nd period - Nick Shore wins face-off versus Martin Hanzal in neutral zone.
9:41 of 2nd period - Penalty to Marian Gaborik is over, Marian Gaborik is back on ice.
9:45 of 2nd period - Kevin Connauton is hit by Marian Gaborik and loses puck.
10:12 of 2nd period - Snap shot by Martin Hanzal.
10:12 of 2nd period - Goal by Martin Hanzal - BlueJackets : 0 - Hurricanes : 5.
10:13 of 2nd period - Cal O'Reilly wins face-off versus Eric Staal in neutral zone.
10:18 of 2nd period - Snap shot by Cal O'Reilly.
10:18 of 2nd period - Shot Misses the Net.
10:20 of 2nd period - Snap shot by Carl Klingberg.
10:20 of 2nd period - Stopped by Jonas Hiller with a rebound.
10:22 of 2nd period - Snap shot by Chris Wagner.
10:22 of 2nd period - Shot Misses the Net.
10:24 of 2nd period - Wrist shot by Cal O'Reilly.
10:24 of 2nd period - Shot Misses the Net.
10:26 of 2nd period - Slapshot by Andrej Meszaros.
10:26 of 2nd period - Stopped by Jonas Hiller with a rebound.
10:28 of 2nd period - Snap shot by Andrej Meszaros.
10:28 of 2nd period - Deflect By Cal O'Reilly.
10:28 of 2nd period - Shot Misses the Net.
10:28 of 2nd period - Puck is out of play.
10:29 of 2nd period - Eric Staal wins face-off versus Cal O'Reilly in Hurricanes zone.
10:46 of 2nd period - Snap shot by Patrick Wiercioch.
10:46 of 2nd period - Shot Misses the Net.
10:58 of 2nd period - Slapshot by Andrej Meszaros.
10:58 of 2nd period - Stopped by Jonas Hiller without a rebound.
10:59 of 2nd period - Sam Gagner wins face-off versus Mike Fisher in Hurricanes zone.
11:04 of 2nd period - Snap shot by Ryane Clowe.
11:04 of 2nd period - Shot Misses the Net.
11:06 of 2nd period - Snap shot by Sam Gagner.
11:06 of 2nd period - Deflect By Ryane Clowe.
11:06 of 2nd period - Shot Misses the Net.
11:06 of 2nd period - Puck is out of play.
11:07 of 2nd period - Sam Gagner wins face-off versus Marian Gaborik in Hurricanes zone.
11:14 of 2nd period - Snap shot by Sam Gagner.
11:14 of 2nd period - Stopped by Jonas Hiller with a rebound.
11:16 of 2nd period - Slapshot by Ryan Garbutt.
11:16 of 2nd period - Stopped by Jonas Hiller with a rebound.
11:18 of 2nd period - Backhand shot by Trevor van Riemsdyk.
11:18 of 2nd period - Deflect By Mike Fisher.
11:18 of 2nd period - Stopped by Jonas Hiller without a rebound.
11:19 of 2nd period - Josh Bailey wins face-off versus Ryane Clowe in Hurricanes zone.
11:21 of 2nd period - Minor Penalty to Stephane Robidas for Tripping.
11:22 of 2nd period - Sam Gagner wins face-off versus Martin Hanzal in Hurricanes zone.
11:24 of 2nd period - Slapshot by Sam Gagner.
11:24 of 2nd period - Stopped by Jonas Hiller with a rebound.
11:26 of 2nd period - Slapshot by Ryane Clowe.
11:26 of 2nd period - Shot Misses the Net.
11:28 of 2nd period - Snap shot by Ryan Garbutt.
11:28 of 2nd period - Goal by Ryan Garbutt - BlueJackets : 1 - Hurricanes : 5.
11:29 of 2nd period - Sam Gagner wins face-off versus Mike Fisher in neutral zone.
11:44 of 2nd period - Wrist shot by Mike Fisher.
11:44 of 2nd period - Deflect By Marian Gaborik.
11:44 of 2nd period - Goal by Marian Gaborik - BlueJackets : 1 - Hurricanes : 6.
11:45 of 2nd period - Martin Hanzal wins face-off versus Sam Gagner in neutral zone.
12:06 of 2nd period - Wrist shot by Sam Gagner.
12:06 of 2nd period - Shot Blocked by Thomas Hickey.
12:08 of 2nd period - Slapshot by Andrej Meszaros.
12:08 of 2nd period - Shot Blocked by Matt Read.
12:10 of 2nd period - Slapshot by Andrej Meszaros.
12:10 of 2nd period - Stopped by Jonas Hiller with a rebound.
12:22 of 2nd period - Wrist shot by Sam Gagner.
12:22 of 2nd period - Stopped by Jonas Hiller with a rebound.
12:36 of 2nd period - Wrist shot by Matt Nieto.
12:36 of 2nd period - Shot Blocked by Thomas Hickey.
12:38 of 2nd period - Snap shot by Chris Thorburn.
12:38 of 2nd period - Stopped by Jonas Hiller without a rebound.
12:39 of 2nd period - Mike Fisher wins face-off versus Matt Nieto in Hurricanes zone.
12:39 of 2nd period - Mike Fisher is hit by Chris Thorburn.
12:53 of 2nd period - Wrist shot by Marian Gaborik.
12:53 of 2nd period - Shot Blocked by Chris Thorburn.
12:55 of 2nd period - Snap shot by Marian Gaborik.
12:55 of 2nd period - Shot Blocked by Matt Nieto.
13:36 of 2nd period - Icing by Jared Spurgeon.
13:37 of 2nd period - Austin Watson wins face-off versus Eric Staal in Hurricanes zone.
13:58 of 2nd period - Slapshot by Fedor Tyutin.
13:58 of 2nd period - Stopped by Matt Climie with a rebound.
14:00 of 2nd period - Slapshot by Fedor Tyutin.
14:00 of 2nd period - Shot Misses the Net.
14:02 of 2nd period - Slapshot by Fedor Tyutin.
14:02 of 2nd period - Shot Blocked by Andrej Meszaros.
14:48 of 2nd period - Wrist shot by Andrew Ebbett.
14:48 of 2nd period - Shot Blocked by Andrej Meszaros.
15:07 of 2nd period - Thomas Hickey is hit by Patrick Wiercioch and loses puck.
17:19 of 2nd period - Wrist shot by Sam Gagner.
17:19 of 2nd period - Shot Misses the Net.
17:41 of 2nd period - Slapshot by Martin Hanzal.
17:41 of 2nd period - Deflect By Kevin Connauton.
17:41 of 2nd period - Stopped by Matt Climie with a rebound.
17:43 of 2nd period - Snap shot by Thomas Hickey.
17:43 of 2nd period - Stopped by Matt Climie with a rebound.
17:45 of 2nd period - Backhand shot by Matt Read.
17:45 of 2nd period - Shot Blocked by Kevin Connauton.
17:47 of 2nd period - Slapshot by Thomas Hickey.
17:47 of 2nd period - Shot Misses the Net.
17:49 of 2nd period - Slapshot by Matt Read.
17:49 of 2nd period - Deflect By Kevin Connauton.
17:49 of 2nd period - Shot Misses the Net.
17:49 of 2nd period - Puck is out of play.
17:50 of 2nd period - Cal O'Reilly wins face-off versus Josh Bailey in BlueJackets zone.
18:10 of 2nd period - Slapshot by Patrick Wiercioch.
18:10 of 2nd period - Deflect By Mike Fisher.
18:10 of 2nd period - Stopped by Jonas Hiller without a rebound.
18:11 of 2nd period - Eric Staal wins face-off versus Sam Gagner in Hurricanes zone.
18:31 of 2nd period - Snap shot by Jiri Hudler.
18:31 of 2nd period - Stopped by Matt Climie with a rebound.
18:33 of 2nd period - Minor Penalty to Sam Gagner for Cross-checking.
18:34 of 2nd period - Mike Fisher wins face-off versus Ryane Clowe in BlueJackets zone.
18:41 of 2nd period - Snap shot by Marian Gaborik.
18:41 of 2nd period - Stopped by Matt Climie with a rebound.
18:43 of 2nd period - Slapshot by Josh Bailey.
18:43 of 2nd period - Stopped by Matt Climie with a rebound.
18:49 of 2nd period - Snap shot by Mike Fisher.
18:49 of 2nd period - Shot Blocked by Austin Watson.
18:51 of 2nd period - Snap shot by Mike Fisher.
18:51 of 2nd period - Goal by Mike Fisher - BlueJackets : 1 - Hurricanes : 7.
18:52 of 2nd period - Mike Fisher wins face-off versus Matt Nieto in neutral zone.
18:57 of 2nd period - Wrist shot by Mike Fisher.
18:57 of 2nd period - Shot Misses the Net.
19:11 of 2nd period - Snap shot by Marian Gaborik.
19:11 of 2nd period - Goal by Marian Gaborik - BlueJackets : 1 - Hurricanes : 8.
19:11 of 2nd period - Joni Ortio enters game.
19:12 of 2nd period - Marian Gaborik wins face-off versus Nick Shore in neutral zone.
19:33 of 2nd period - Wrist shot by Marian Gaborik.
19:33 of 2nd period - Shot Misses the Net.
19:37 of 2nd period - Slapshot by Marian Gaborik.
19:37 of 2nd period - Stopped by Joni Ortio with a rebound.
19:39 of 2nd period - Slapshot by Fedor Tyutin.
19:39 of 2nd period - Shot Blocked by Nick Shore.
Goals for this period are 1 for BlueJackets vs 5 for Hurricanes.
Shots for this period are 15 for BlueJackets vs 15 for Hurricanes.

3rd period


0:01 of 3rd period - Sam Gagner wins face-off versus Martin Hanzal in neutral zone.
0:06 of 3rd period - Wrist shot by Sam Gagner.
0:06 of 3rd period - Shot Misses the Net.
0:52 of 3rd period - Andrej Meszaros is hit by Stephane Robidas and loses puck.
1:11 of 3rd period - Snap shot by Jiri Hudler.
1:11 of 3rd period - Shot Misses the Net.
2:51 of 3rd period - Slapshot by Josh Bailey.
2:51 of 3rd period - Shot Misses the Net.
3:05 of 3rd period - Marco Scandella is hit by Austin Watson and loses puck.
3:45 of 3rd period - Fedor Tyutin is hit by Chris Thorburn and loses puck.
3:52 of 3rd period - Minor Penalty to Fedor Tyutin for Diving.
3:53 of 3rd period - Martin Hanzal wins face-off versus Sam Gagner in Hurricanes zone.
3:58 of 3rd period - Slapshot by Matt Read.
3:58 of 3rd period - Stopped by Joni Ortio without a rebound.
3:59 of 3rd period - Martin Hanzal wins face-off versus Sam Gagner in BlueJackets zone.
4:32 of 3rd period - Slapshot by Matt Nieto.
4:32 of 3rd period - Goal by Matt Nieto - BlueJackets : 2 - Hurricanes : 8.
4:33 of 3rd period - Eric Staal wins face-off versus Nick Shore in neutral zone.
4:48 of 3rd period - Wrist shot by Matt Nieto.
4:48 of 3rd period - Shot Blocked by Marco Scandella.
5:44 of 3rd period - Snap shot by Marian Gaborik.
5:44 of 3rd period - Stopped by Joni Ortio with a rebound.
5:46 of 3rd period - Wrist shot by Marian Gaborik.
5:46 of 3rd period - Shot Blocked by Chris Wagner.
6:31 of 3rd period - Backhand shot by Sam Gagner.
6:31 of 3rd period - Shot Misses the Net.
7:43 of 3rd period - Marco Scandella is hit by Carl Klingberg.
8:40 of 3rd period - Slapshot by Marian Gaborik.
8:40 of 3rd period - Deflect By Josh Bailey.
8:40 of 3rd period - Shot Misses the Net.
8:40 of 3rd period - Puck is out of play.
8:41 of 3rd period - Brian Flynn wins face-off versus Nick Shore in BlueJackets zone.
9:02 of 3rd period - Snap shot by Brian Flynn.
9:02 of 3rd period - Shot Blocked by Matt Nieto.
9:04 of 3rd period - Slapshot by Jared Spurgeon.
9:04 of 3rd period - Shot Blocked by Nick Shore.
9:06 of 3rd period - Snap shot by Viktor Stalberg.
9:06 of 3rd period - Shot Misses the Net.
9:08 of 3rd period - Slapshot by Jared Spurgeon.
9:08 of 3rd period - Deflect By Matt Nieto.
9:08 of 3rd period - Stopped by Joni Ortio with a rebound.
9:10 of 3rd period - Snap shot by Brian Flynn.
9:10 of 3rd period - Stopped by Joni Ortio with a rebound.
9:12 of 3rd period - Snap shot by Brian Flynn.
9:12 of 3rd period - Deflect By Trevor van Riemsdyk.
9:12 of 3rd period - Shot Blocked by Chad Ruhwedel.
9:12 of 3rd period - Puck is out of play.
9:13 of 3rd period - Sam Gagner wins face-off versus Mike Fisher in BlueJackets zone.
9:25 of 3rd period - Off-side.
9:26 of 3rd period - Mike Fisher wins face-off versus Sam Gagner in neutral zone.
9:43 of 3rd period - Wrist shot by Josh Bailey.
9:43 of 3rd period - Stopped by Joni Ortio with a rebound.
9:45 of 3rd period - Snap shot by Mike Fisher.
9:45 of 3rd period - Shot Misses the Net.
9:47 of 3rd period - Snap shot by Marian Gaborik.
9:47 of 3rd period - Shot Blocked by Ryan Garbutt.
10:50 of 3rd period - Jiri Hudler is hit by Chris Wagner and loses puck.
10:59 of 3rd period - Slapshot by Jared Spurgeon.
10:59 of 3rd period - Shot Misses the Net.
11:01 of 3rd period - Snap shot by Jiri Hudler.
11:01 of 3rd period - Stopped by Joni Ortio with a rebound.
11:03 of 3rd period - Wrist shot by Mike Weaver.
11:03 of 3rd period - Shot Misses the Net.
11:05 of 3rd period - Slapshot by Fedor Tyutin.
11:05 of 3rd period - Stopped by Joni Ortio without a rebound.
11:06 of 3rd period - Nick Shore wins face-off versus Brian Flynn in BlueJackets zone.
11:14 of 3rd period - Major / Game Misconduct Penalty to Fedor Tyutin for Attempt to injure.
11:14 of 3rd period - Fedor Tyutin is ejected from game.
11:15 of 3rd period - Nick Shore wins face-off versus Martin Hanzal in Hurricanes zone.
11:30 of 3rd period - Wrist shot by Andrej Meszaros.
11:30 of 3rd period - Shot Misses the Net.
11:32 of 3rd period - Snap shot by Nick Shore.
11:32 of 3rd period - Shot Hit the Post.
11:34 of 3rd period - Slapshot by Chris Thorburn.
11:34 of 3rd period - Shot Misses the Net.
11:36 of 3rd period - Wrist shot by Nick Shore.
11:36 of 3rd period - Stopped by Jonas Hiller without a rebound.
11:37 of 3rd period - Brian Flynn wins face-off versus Sam Gagner in Hurricanes zone.
11:46 of 3rd period - Martin Hanzal is hit by Ryane Clowe and loses puck.
11:55 of 3rd period - Wrist shot by Sam Gagner.
11:55 of 3rd period - Deflect By Ryane Clowe.
11:55 of 3rd period - Shot Misses the Net.
11:55 of 3rd period - Puck is out of play.
11:56 of 3rd period - Sam Gagner wins face-off versus Martin Hanzal in Hurricanes zone.
12:29 of 3rd period - Slapshot by Andrej Meszaros.
12:29 of 3rd period - Shot Misses the Net.
12:31 of 3rd period - Slapshot by Chris Thorburn.
12:31 of 3rd period - Shot Misses the Net.
13:20 of 3rd period - Brian Dumoulin is hit by Martin Hanzal and loses puck.
13:37 of 3rd period - Chris Thorburn is hit by Martin Hanzal and loses puck.
14:20 of 3rd period - Snap shot by Sam Gagner.
14:20 of 3rd period - Stopped by Jonas Hiller without a rebound.
14:21 of 3rd period - Brian Flynn wins face-off versus Sam Gagner in Hurricanes zone.
14:43 of 3rd period - Kevin Connauton is hit by Martin Hanzal and loses puck.
14:47 of 3rd period - Icing by Kevin Connauton.
14:48 of 3rd period - Brian Flynn wins face-off versus Sam Gagner in BlueJackets zone.
16:09 of 3rd period - Matt Nieto is hit by Stephane Robidas and loses puck.
16:14 of 3rd period - Penalty to Fedor Tyutin is over, Josh Bailey is send on ice.
16:43 of 3rd period - Snap shot by Jiri Hudler.
16:43 of 3rd period - Stopped by Joni Ortio without a rebound.
16:44 of 3rd period - Cal O'Reilly wins face-off versus Marian Gaborik in BlueJackets zone.
16:44 of 3rd period - Cal O'Reilly is hit by Thomas Hickey.
16:56 of 3rd period - Wrist shot by Cal O'Reilly.
16:56 of 3rd period - Shot Hit the Post.
16:58 of 3rd period - Wrist shot by Chad Ruhwedel.
16:58 of 3rd period - Stopped by Jonas Hiller without a rebound.
16:59 of 3rd period - Cal O'Reilly wins face-off versus Mike Fisher in Hurricanes zone.
17:10 of 3rd period - Slapshot by Cal O'Reilly.
17:10 of 3rd period - Shot Blocked by Thomas Hickey.
17:16 of 3rd period - Wrist shot by Chris Wagner.
17:16 of 3rd period - Shot Misses the Net.
17:28 of 3rd period - Chad Ruhwedel is hit by Josh Bailey and loses puck.
17:45 of 3rd period - Snap shot by Ryane Clowe.
17:45 of 3rd period - Stopped by Jonas Hiller with a rebound.
17:48 of 3rd period - Icing by Thomas Hickey.
17:49 of 3rd period - Ryane Clowe wins face-off versus Eric Staal in Hurricanes zone.
17:50 of 3rd period - Wrist shot by Magnus Paajarvi.
17:50 of 3rd period - Shot Misses the Net.
18:14 of 3rd period - Snap shot by Jiri Hudler.
18:14 of 3rd period - Shot Blocked by Brian Dumoulin.
18:39 of 3rd period - Slapshot by Patrick Wiercioch.
18:39 of 3rd period - Deflect By Eric Staal.
18:39 of 3rd period - Stopped by Jonas Hiller with a rebound.
18:41 of 3rd period - Snap shot by Andrej Meszaros.
18:41 of 3rd period - Shot Blocked by Jared Spurgeon.
18:43 of 3rd period - Backhand shot by Chris Wagner.
18:43 of 3rd period - Shot Misses the Net.
19:46 of 3rd period - Sam Gagner is hit by Mike Weaver and loses puck.
Goals for this period are 1 for BlueJackets vs 0 for Hurricanes.
Shots for this period are 6 for BlueJackets vs 8 for Hurricanes.